 Dungeon Crawl Stone Soup version 0.32-a0-22-g6ae6769602 (webtiles) character file.

Game seed: 10537790074045725304

488 jasper the Apothecary (level 6, -4/45 HPs)
             Began as an Armataur Alchemist on Jan 18, 2024.
             Slain by a gnoll sergeant
             ... wielding a +0 spear
              (10 damage)
             ... on level 5 of the Dungeon.
             The game lasted 00:07:21 (3562 turns).

jasper the Apothecary (Armataur Alchemist)          Turns: 3562, Time: 00:07:22

Health: -4/45      AC:  4    Str: 14    XL:     6   Next: 90%
Magic:  5/9        EV:  9    Int: 17    God:
Gold:   232        SH:  0    Dex: 10    Spells: 1/9 levels left

rFire   . . .        i - +1 long sword (heavy)
rCold   . . .        (no shield)
rNeg    . . .        a - +0 robe
rPois   +            (no helmet)
rElec   .            (no cloak)
rCorr   .            (no gloves)
SInv    .            (no barding)
Will    .....        (no amulet)
Stlth   ++           f - ring of poison resistance
HPRegen 0.27/turn    (no ring)
MPRegen 0.11/turn

%: roll
@: about to teleport
A: large, deformed body, tough skin 3, armoured tail, roll 1
a: no special abilities


You were on level 5 of the Dungeon.
You visited 1 branch of the dungeon, and saw 5 of its levels.

You collected 232 gold pieces.

Inventory:

Hand Weapons
 e - a +3 dagger of flaming
 i - a +1 heavy long sword (weapon)
Missiles
 l - 3 javelins
Armour
 a - a +0 robe (worn)
Magical Staves
 q - a staff of earth
Jewellery
 f - a ring of poison resistance (left hand)
Scrolls
 r - a scroll of revelation
Potions
 b - a potion of magic
 c - 2 potions of brilliance
 g - a potion of curing
 h - 2 potions of haste
 j - a potion of might
 k - a potion of mutation {unknown}
 m - a potion of attraction {unknown}
 n - 3 potions of invisibility {unknown}
 s - a potion of ambrosia {unknown}


   Skills:
 - Level 1.3 Dodging
 - Level 2.1 Stealth
 + Level 2.0 Spellcasting
 - Level 2.0 Conjurations
 - Level 2.0 Air Magic
 - Level 6.4 Alchemy


You had one spell level left.
You knew the following spells:

 Your Spells              Type           Power      Damage    Failure   Level
a - Sting                 Conj/Alch      64%        1d7       3%          1
b - Mephitic Cloud        Conj/Alch/Air  13%        N/A       14%         3
c - Olgreb's Toxic Radia  Alch           23%        N/A       14%         4

Your spell library contained the following spells:

 Spells                   Type           Power      Damage    Failure   Level
 Slow                     Hex            4%         N/A       19%         1
 Mercury Vapours          Alch/Air       32%        N/A       5%          2
 Lesser Beckoning         Tloc           2%         N/A       28%         2
 Sticky Flame             Fire/Alch      12%        2d5       45%         4
 Call Canine Familiar     Summ           1%         N/A       50%         3
 Confusing Touch          Hex            1%         N/A       50%         3
 Gell's Gravitas          Tloc           1%         N/A       50%         3
 Sigil of Binding         Hex            1%         N/A       50%         3
 Teleport Other           Tloc           1%         N/A       50%         3
 Vampiric Draining        Necr           1%         2d6       50%         3
 Brom's Barrelling Bould  Conj/Erth      5%         2d3       77%         4
 Dimensional Bullseye     Hex/Tloc       0%         N/A       88%         4
 Iskenderun's Battlesphe  Conj           8%         2d6       93%         5
 Fireball                 Conj/Fire      2%         3d4       98%         5
 Conjure Ball Lightning   Conj/Air       4%         3x3d6     100%        6
 Malign Gateway           Summ/Tloc      0%         N/A       100%        7
 Orb of Destruction       Conj           4%         9d5       100%        7
 Summon Horrible Things   Summ           0%         N/A       100%        8


Dungeon Overview and Level Annotations

Branches:
Dungeon (5/15)
 Temple: D:4-7

Altars:


Innate Abilities, Weirdness & Mutations

Armour fits poorly on your strangely shaped body.
You have extremely tough skin. (AC +3)
You have a long armoured tail.
You regenerate magic when rolling toward enemies. (Rampage MPRegen)


Message History

The gnoll sergeant shouts!
The gnoll sergeant hits you from afar with a +0 spear.
You take 4 damage, and have 41/45 hp.
Casting: Olgreb's Toxic Radiance (quite dangerous; 14% risk of failure)
Confirm with . or Enter, or press ? or * to list all spells.
You begin to radiate toxic energy.
The gnoll sergeant is poisoned.
The gnoll sergeant looks even sicker.
A gnoll comes into view. It is wielding a +0 spear.
The gnoll sergeant hits you from afar with a +0 spear!
You take 8 damage, and have 33/45 hp.
You now have 5/9 mp.
A gnoll comes into view. It is wielding a +0 club.
The gnoll shouts!
The gnoll is poisoned.
The gnoll sergeant hits you with a +0 spear.
The gnoll moves out of view.
You see here a scroll of teleportation.
You take 5 damage, and have 28/45 hp.
You barely miss the gnoll sergeant.
The gnoll sergeant is moderately wounded.
The gnoll shouts!
The gnoll is poisoned.
Your toxic aura wanes.
The gnoll sergeant hits you with a +0 spear!
The gnoll sergeant hits you but does no damage.
You take 9 damage, and have 19/45 hp.
You closely miss the gnoll sergeant.
The gnoll sergeant is heavily wounded.
The gnoll sergeant hits you with a +0 spear!
* * * LOW HITPOINT WARNING * * *
The gnoll sergeant hits you with a +0 spear!
* * * LOW HITPOINT WARNING * * *
The gnoll barely misses you.
You take 13 damage, and have 6/45 hp.
MASSIVE DAMAGE!!
Casting: Olgreb's Toxic Radiance (quite dangerous; 14% risk of failure)
Confirm with . or Enter, or press ? or * to list all spells.
Okay, then.
As you read the scroll of teleportation, it crumbles to dust.
You feel strangely unstable. The gnoll hits you but does no damage.
The gnoll sergeant hits you with a +0 spear!
You die...

........ ..... .[..#... .
#...# .. ##...... ...
#...# ... #..###.
...###...###...###......
....................####
......................# #
.....g..g.............# #
#.. #g@.# #...# #..####
#... #...# #...# #......
##...###g..###...###...###
.......Y...........)......
.................).)..####
Y........................#
##...###...###...###.....#
#... #...# #...# #.....#
..###...###...###.....#


You could see an ice beast, a gnoll sergeant (poisoned) and 3 gnolls.

Vanquished Creatures
  Sigmund (D:2)
  A black bear (D:4)
  A hound (D:4)
  Terence (D:3)
  2 orc wizards
  3 adders
  2 dart slugs
  2 ribbon worms
  11 orcs
  3 ball pythons
  10 endoplasms
  7 goblins
  6 hobgoblins
  6 jackals (D:2)
  2 quokkas (D:1)
  8 bats
  3 frilled lizards
  7 kobolds
  5 rats
81 creatures vanquished.

Notes
Turn   | Place    | Note
-------+----------+-------------------------------------------
     0 | D:1      | jasper the Armataur Alchemist began the quest for the Orb.
     0 | D:1      | Reached XP level 1. HP: 14/14 MP: 3/3
   122 | D:1      | Reached skill level 3 in Alchemy
   193 | D:1      | Reached XP level 2. HP: 19/20 MP: 5/5
   687 | D:1      | Found a faded altar of an unknown god.
   880 | D:2      | Reached XP level 3. HP: 11/26 MP: 3/6
   884 | D:2      | Learned a level 3 spell: Mephitic Cloud
  1007 | D:2      | Noticed Sigmund
  1032 | D:2      | Killed Sigmund
  1033 | D:2      | Reached skill level 4 in Alchemy
  1033 | D:2      | Reached XP level 4. HP: 20/33 MP: 4/7
  1033 | D:2      | Reached XP level 5. HP: 24/38 MP: 4/8
  1038 | D:2      | Learned a level 4 spell: Olgreb's Toxic Radiance
  1326 | D:2      | Reached skill level 5 in Alchemy
  2042 | D:3      | Reached XP level 6. HP: 45/45 MP: 2/9
  2315 | D:3      | Noticed Terence
  2321 | D:3      | Killed Terence
  2635 | D:4      | Reached skill level 6 in Alchemy
  3342 | D:5      | Entered Level 5 of the Dungeon
  3552 | D:5      | Noticed an ice beast
  3562 | D:5      | Slain by a gnoll sergeant

Illustrated notes

Levels and vault maps discovered:
D:1:      minmay_arrival_four_loops, layout_loops_ring,
          shapermc_ecumenical_altar_mp_vishouse, minmay_tromino_v4_b
D:2:      layout_loops_ring, uniq_sigmund
D:3:      layout_basic, minmay_misc_feat_tower, uniq_terence
D:4:      layout_basic
D:5:      layout_basic, kennysheep_boxes

Skill      XL: |  1  2  3  4  5  6 |
---------------+-------------------+-----
Spellcasting   | 2 |  2.0
Alchemy        | 3 4 5 6 |  6.4
Conjurations   | 2 |  2.0
Air Magic      | 2 |  2.0
Dodging        | |  1.3
Stealth        | |  2.1

Action                     |  1- 3 |  4- 6 || total
---------------------------+-------+-------++-------
  Melee: Dagger            |    27 |       ||    27
         Unarmed           |     1 |       ||     1
         Tailslap          |     2 |     3 ||     5
         Long sword        |       |    68 ||    68
   Cast: Sting             |    26 |    49 ||    75
         Mephitic Cloud    |     1 |       ||     1
         Olgreb's Toxic Ra |       |    13 ||    13
    Use: Scroll            |       |    12 ||    12
   Stab: Sleeping          |     5 |     2 ||     7
 Armour: Robe              |    19 |    94 ||   113
  Dodge: Dodged            |    20 |    55 ||    75

Table legend: (Time is in decaauts)
 A = Elapsed time spent in this place.
 B = Non-inter-level travel time spent in this place.
 C = Inter-level travel time spent in this place.
 D = Time resting spent in this place.
 E = Time spent auto-exploring this place.
 F = Levels seen in this place.
 G = Mean time per level.
                   A        B        C        D        E       F      G
               +--------+--------+--------+--------+--------+-----+--------+
         Total |   3592 |   3495 |     97 |     96 |   2834 |   5 |  718.4 |
       Dungeon |   3592 |   3495 |     97 |     96 |   2834 |   5 |  718.4 |
               +--------+--------+--------+--------+--------+-----+--------+

Top non-repeatable levels by time:
     D:2: 1000 daAuts
     D:1: 851 daAuts
     D:4: 825 daAuts
     D:3: 686 daAuts
     D:5: 228 daAuts
